 Dungeon Crawl Stone Soup version 0.22-a0-423-g4197694 (webtiles) character file.

35 Kairos the Charmwright (level 3, -2/28 HPs)
             Began as a Barachi Skald on May 23, 2018.
             Succumbed to Jessica's poison
             ... on level 2 of the Dungeon.
             The game lasted 00:01:14 (903 turns).

Kairos the Charmwright (Barachi Skald)               Turns: 903, Time: 00:01:15

Health: -2/28      AC:  6    Str: 12 (13) XL:     3   Next: 35%
Magic:  6/6        EV:  9    Int: 10 (13) God:
Gold:   70         SH:  0    Dex:  8 (11) Spells: 5/6 levels left

rFire    . . .     SeeInvis .   a - +0 falchion
rCold    . . .     Gourm    .   (no shield)
rNeg     . . .     Faith    .   f - +0 scale mail
rPois    .         Spirit   .   (no helmet)
rElec    .         Reflect  .   (no cloak)
rCorr    .         Harm     .   (no gloves)
MR       .....                  (no boots)
Stlth    ..........             (no amulet)
HPRegen  0.09/turn              (no ring)
MPRegen  0.10/turn              (no ring)

@: lethally poisoned (-2 -> -30), slow
A: +LOS, swims, slowness 1, strong legs 1
a: Hop


You were on level 2 of the Dungeon.
You were not hungry.

You visited 1 branch of the dungeon, and saw 2 of its levels.

You collected 70 gold pieces.

Inventory:

Hand Weapons
 a - a +0 falchion (weapon)
Armour
 b - a +0 leather armour
 f - a +0 scale mail (worn)
Scrolls
 e - a scroll of amnesia {unknown}
 h - 2 scrolls of identify {unknown}
Potions
 c - a potion of flight {unknown}
 g - a potion of degeneration
Comestibles
 d - 5 rations


   Skills:
 + Level 2.8 Fighting
 + Level 3.2 Long Blades
 + Level 1.4 Armour
 + Level 2.4 Dodging
 + Level 2.3 Spellcasting
 + Level 3.8 Charms


You had 5 spell levels left.
You knew the following spells:

 Your Spells              Type           Power        Failure   Level  Hunger
a - Infusion              Chrm           #...         34%         1    ##.....

Your spell library contained the following spells:

 Spells                   Type           Power        Failure   Level  Hunger
 Regeneration             Chrm/Necr      #.........   92%         3    ####...
 Shroud of Golubria       Chrm/Tloc      #.........   75%         2    ###....
 Song of Slaying          Chrm           #.......     45%         2    ###....
 Spectral Weapon          Hex/Chrm       #.......     92%         3    ####...


Dungeon Overview and Level Annotations

Branches:
Dungeon (2/15)

Altars:

Annotations:
D:2 Jessica


Innate Abilities, Weirdness & Mutations

Shadows flee at your approach. (+LOS)
You can swim through water.
You cover ground slowly.
You can hop short distances.


Message History

You kill the frilled lizard!
Jessica gestures wildly while chanting.
Jessica blinks!
Things that are here:
a short sword; a frilled lizard corpse Jessica gestures at you while chanting.
You resist with some effort.
You barely miss Jessica. Jessica hits you but does no damage.
You are lethally poisoned!
You hit Jessica.
Jessica is heavily wounded.
* * * LOW HITPOINT WARNING * * *
You feel sick. Jessica hits you but does no damage.
You are more poisoned.
Jessica hits you but does no damage.
You are more poisoned.
It was a potion of degeneration.
There was something very wrong with that liquid.
You feel weakened.
You feel dopey.
You feel clumsy.
You die...

#######.# #.#
........ #.##
.....l.. #..#
.......? ##.#
........ #.##
........ #..#
.....!.. ##)#
.....#
####@###.....#
#..@.........#
#........#####
#........#
#........#
#...(....#
#........#
#........#
#........#


You could see Jessica.

Vanquished Creatures
  5 dart slugs (D:1)
  2 giant cockroaches
  2 goblins (D:1)
  2 hobgoblins (D:1)
  5 kobolds
  5 frilled lizards
  7 rats (D:1)
28 creatures vanquished.

Notes
Turn   | Place    | Note
-------+----------+-------------------------------------------
     0 | D:1      | Kairos the Barachi Skald began the quest for the Orb.
     0 | D:1      | Reached XP level 1. HP: 17/17 MP: 3/3
   268 | D:1      | Reached XP level 2. HP: 20/23 MP: 5/5
   494 | D:1      | Reached XP level 3. HP: 28/28 MP: 6/6
   876 | D:2      | Noticed Jessica
   902 | D:2      | HP: 1/28 [poisoned by Jessica]
   903 | D:2      | Succumbed to Jessica's poison

Vault maps used:
D:1:      nzn_arrival_water_spiral
D:2:      minmay_door_path, first_ration, uniq_jessica

Skill      XL: |  1  2  3 |
---------------+----------+-----
Long Blades    | 3 |  3.2
Fighting       | |  2.8
Armour         | |  1.4
Dodging        | |  2.4
Spellcasting   | |  2.3
Charms         | |  3.8

Action                   || total
-------------------------++-------
Melee: Falchion          ||    86
  Use: Potion            ||     1
Armor: Leather armour    ||     7
       Scale mail        ||    26
Dodge: Dodged            ||    45
       Rpst.: Falchion   ||    13

Table legend:
 A = Spawn XP
 B = Non-spawn XP
 C = Spawn XP percentage of total XP
 D = Spawn monster count
 E = Non-spawn monster count
 F = Spawn count percentage of total count
 G = Total turns spent on level
                    A         B        C        D         E        F      G
               +---------+---------+-------+---------+---------+-------+---------
         Total |       0 |      51 |   0.0 |       0 |      28 |   0.0 |   903
               +---------+---------+-------+---------+---------+-------+---------
           D:1 |       0 |      45 |   0.0 |       0 |      23 |   0.0 |   830
           D:2 |       0 |       6 |   0.0 |       0 |       5 |   0.0 |    73
               +---------+---------+-------+---------+---------+-------+---------
